| TOP OF THE 1ST |
|
Los Angeles Dodgers batting - Pitching for Atlanta Braves : RHP Edwin Rivera
|
|
Pitching: RHP Edwin Rivera
|
|
|
Batting: SHB Joel Baker
|
0-0: Called Strike 0-1: Swinging Strike 0-2: Fly out, F8 (Flyball, 8RS, EV 85.6 MPH)
|
|
Batting: LHB Chris Ringwood
|
0-0: Ball 1-0: Called Strike 1-1: Called Strike 1-2: Ground out 5-3 (Groundball, 5L, EV 96.9 MPH)
|
|
Batting: LHB Bob Branham
|
0-0: Ball 1-0: Fly out, F8 (Flyball, 8RM, EV 87.5 MPH)
|
| Top of the 1st over - 0 runs, 0 hits, 0 errors, 0 left on base; Los Angeles 0 - Atlanta 0 |
| BOTTOM OF THE 1ST |
|
Atlanta Braves batting - Pitching for Los Angeles Dodgers : RHP Adrian Serratos
|
|
Pitching: RHP Adrian Serratos
|
|
|
Batting: LHB Colin Worthington
|
0-0: Called Strike 0-1: Ball 1-1: SINGLE (Line Drive, 5D, EV 93.8 MPH)
|
|
Batting: RHB Danny Miramontes
|
0-0: Ball 1-0: Fly out, F7 (Flyball, 78D, EV 91.2 MPH)
|
|
Batting: LHB Tom Best
|
0-0: Called Strike 0-1: Foul Ball, location: 2F 0-2: Ball 1-2: Strikes out swinging
|
|
Batting: RHB Butch Kaiser
|
0-0: Ball 1-0: Swinging Strike 1-1: SINGLE (Groundball, 56D, EV 99.4 MPH) Colin Worthington to second
|
|
Batting: LHB Seth Cook
|
0-0: Ball 1-0: Fielders Choice at 2nd, 5-4 (Groundball, 56, EV 88.1 MPH)
|
| Bottom of the 1st over - 0 runs, 2 hits, 0 errors, 2 left on base; Los Angeles 0 - Atlanta 0 |
| TOP OF THE 2ND |
|
Los Angeles Dodgers batting - Pitching for Atlanta Braves : RHP Edwin Rivera
|
|
Batting: LHB Lirak Bazhunaishvili
|
0-0: Called Strike 0-1: Swinging Strike 0-2: Ball 1-2: Ball 2-2: Ball 3-2: Foul Ball, location: 2F 3-2: Foul Ball, location: 2F 3-2: TRIPLE (Line Drive, 9LD, EV 111.9 MPH)
|
|
Batting: RHB Clay Buchanan
|
0-0: Ball 1-0: Ball 2-0: Called Strike 2-1: Swinging Strike 2-2: Foul Ball, location: 2F 2-2: Ball 3-2: Base on Balls
|
|
Batting: LHB Ryan Taylor
|
0-0: Ball 1-0: Called Strike Clay Buchanan steals 2nd base 1-1: Called Strike 1-2: DOUBLE (Line Drive, 9LS, EV 114.4 MPH) Lirak Bazhunaishvili scores Clay Buchanan scores
|
|
Batting: SHB Carlos Rodriguez
|
0-0: Ball 1-0: SINGLE (Groundball, 56S, EV 72.5 MPH) (infield hit) Ryan Taylor to third
|
|
Batting: RHB Ben Mischnick
|
0-0: Ball 1-0: Foul Ball, location: 2F 1-1: Ball 2-1: Fly out, F9 (Flyball, 9S, EV 92.5 MPH)
|
|
Batting: LHB Dalton Silveira
|
0-0: Ball 1-0: Foul Ball, location: 2F 1-1: Ball 2-1: Foul Ball, location: 2F 2-2: Strikes out swinging
|
|
Batting: SHB Joel Baker
|
0-0: Ball 1-0: Called Strike 1-1: Fly out, F9 (Flyball, 9, EV 81.2 MPH)
|
| Top of the 2nd over - 2 runs, 3 hits, 0 errors, 2 left on base; Los Angeles 2 - Atlanta 0 |
| BOTTOM OF THE 2ND |
|
Atlanta Braves batting - Pitching for Los Angeles Dodgers : RHP Adrian Serratos
|
|
Batting: RHB Danny Anderson
|
0-0: Ball 1-0: Foul Ball, location: 2F 1-1: Foul Ball, location: 2F 1-2: Ball 2-2: Foul Ball, location: 2F 2-2: Fly out, F3 (Popup, 3F, EV 70.0 MPH)
|
|
Batting: RHB Liangde Li
|
0-0: Ball 1-0: Called Strike 1-1: Foul Ball, location: 2F 1-2: Ball 2-2: Fly out, F4 (Popup, 34, EV 61.9 MPH)
|
|
Batting: RHB Itsuo Egami
|
0-0: Ball 1-0: Called Strike 1-1: Fly out, F8 (Flyball, 8RD, EV 98.1 MPH)
|
| Bottom of the 2nd over - 0 runs, 0 hits, 0 errors, 0 left on base; Los Angeles 2 - Atlanta 0 |
| TOP OF THE 3RD |
|
Los Angeles Dodgers batting - Pitching for Atlanta Braves : RHP Edwin Rivera
|
|
Batting: LHB Chris Ringwood
|
0-0: Ball 1-0: Called Strike 1-1: SINGLE (Groundball, 4MD, EV 101.9 MPH)
|
|
Batting: LHB Bob Branham
|
0-0: Foul Ball, location: 2F 0-1: Ball 1-1: Called Strike 1-2: Fly out, F7 (Flyball, 7LD, EV 98.1 MPH)
|
|
Batting: LHB Lirak Bazhunaishvili
|
0-0: Fly out, F7 (Line Drive, 7D, EV 97.5 MPH)
|
|
Batting: RHB Clay Buchanan
|
0-0: Ball 1-0: SINGLE (Flyball, 8LS, EV 98.1 MPH) Chris Ringwood to second
|
|
Batting: LHB Ryan Taylor
|
0-0: Fly out, F6 (Popup, 4MD, EV 58.8 MPH)
|
| Top of the 3rd over - 0 runs, 2 hits, 0 errors, 2 left on base; Los Angeles 2 - Atlanta 0 |
| BOTTOM OF THE 3RD |
|
Atlanta Braves batting - Pitching for Los Angeles Dodgers : RHP Adrian Serratos
|
|
Batting: RHB John Creel
|
0-0: Foul Ball, location: 2F 0-1: Fly out, F3 (Popup, 3SF, EV 68.8 MPH)
|
|
Batting: LHB Colin Worthington
|
0-0: Called Strike 0-1: Ball 1-1: DOUBLE (Groundball, 3L, EV 103.1 MPH)
|
|
Batting: RHB Danny Miramontes
|
0-0: Called Strike 0-1: Ball 1-1: Ball 2-1: Foul Ball, location: 2F 2-2: Foul Ball, location: 2F 2-2: SINGLE (Groundball, 56D, EV 103.8 MPH) Colin Worthington to third
|
|
Batting: LHB Tom Best
|
0-0: Ball 1-0: Swinging Strike 1-1: Fielders Choice at 2nd, 4-6 (Groundball, 34, EV 105.0 MPH) Colin Worthington scores
|
|
Batting: RHB Butch Kaiser
|
0-0: Ball 1-0: Ball 2-0: Ball 3-0: Called Strike 3-1: Called Strike 3-2: Strikes out swinging
|
| Bottom of the 3rd over - 1 run, 2 hits, 0 errors, 1 left on base; Los Angeles 2 - Atlanta 1 |
| TOP OF THE 4TH |
|
Los Angeles Dodgers batting - Pitching for Atlanta Braves : RHP Edwin Rivera
|
|
Batting: SHB Carlos Rodriguez
|
0-0: Foul Ball, location: 2F 0-1: Swinging Strike 0-2: Ball 1-2: Fly out, F4 (Popup, 4D, EV 54.4 MPH)
|
|
Batting: RHB Ben Mischnick
|
0-0: Fly out, F9 (Flyball, 9, EV 89.4 MPH)
|
|
Batting: LHB Dalton Silveira
|
0-0: Ball 1-0: Ball 2-0: Swinging Strike 2-1: Ball 3-1: Called Strike 3-2: Foul Ball, location: 2F 3-2: Strikes out swinging
|
| Top of the 4th over - 0 runs, 0 hits, 0 errors, 0 left on base; Los Angeles 2 - Atlanta 1 |
| BOTTOM OF THE 4TH |
|
Atlanta Braves batting - Pitching for Los Angeles Dodgers : RHP Adrian Serratos
|
|
Batting: LHB Seth Cook
|
0-0: Foul Ball, location: 2F 0-1: Ball 1-1: Ground out 4-3 (Groundball, 4, EV 102.5 MPH)
|
|
Batting: RHB Danny Anderson
|
0-0: DOUBLE (Groundball, 5L, EV 103.8 MPH)
|
|
Batting: RHB Liangde Li
|
0-0: Called Strike 0-1: Called Strike 0-2: Ball 1-2: Foul Ball, location: 2F 1-2: Ball 2-2: Ground out 4-3 (Groundball, 4, EV 89.4 MPH) Danny Anderson to third
|
|
Batting: RHB Itsuo Egami
|
0-0: Ball 1-0: Ball 2-0: Swinging Strike 2-1: Ball 3-1: Foul Ball, location: 2F 3-2: Ground out 4-3 (Groundball, 4M, EV 87.5 MPH)
|
| Bottom of the 4th over - 0 runs, 1 hit, 0 errors, 1 left on base; Los Angeles 2 - Atlanta 1 |
| TOP OF THE 5TH |
|
Los Angeles Dodgers batting - Pitching for Atlanta Braves : RHP Edwin Rivera
|
|
Batting: SHB Joel Baker
|
0-0: Foul Ball, location: 2F 0-1: Swinging Strike 0-2: Ball 1-2: Strikes out swinging
|
|
Batting: LHB Chris Ringwood
|
0-0: Foul Ball, location: 2F 0-1: Foul Ball, location: 2F 0-2: Strikes out looking
|
|
Batting: LHB Bob Branham
|
0-0: Ball 1-0: Ball 2-0: Called Strike 2-1: Ball 3-1: Base on Balls
|
|
Batting: LHB Lirak Bazhunaishvili
|
0-0: Called Strike 0-1: Hit by Pitch Bob Branham to second
|
|
Batting: RHB Clay Buchanan
|
0-0: Fly out, F7 (Line Drive, 7, EV 90.0 MPH)
|
| Top of the 5th over - 0 runs, 0 hits, 0 errors, 2 left on base; Los Angeles 2 - Atlanta 1 |
| BOTTOM OF THE 5TH |
|
Atlanta Braves batting - Pitching for Los Angeles Dodgers : RHP Adrian Serratos
|
|
Batting: RHB John Creel
|
0-0: Swinging Strike 0-1: Ball 1-1: Swinging Strike 1-2: Ground out 1-3 (Groundball, 34S, EV 76.9 MPH)
|
|
Batting: LHB Colin Worthington
|
0-0: SINGLE (Flyball, 78S, EV 96.9 MPH)
|
|
Batting: RHB Danny Miramontes
|
0-0: Ball 1-0: SINGLE (Groundball, 6MD, EV 101.2 MPH) Colin Worthington to second Runner from 2nd tries for 3rd, SAFE, throw by CF made to third
|
|
Batting: LHB Tom Best
|
0-0: Ball 1-0: Ball 2-0: Ball 3-0: Called Strike 3-1: Base on Balls Danny Miramontes to second
|
|
Batting: RHB Butch Kaiser
|
0-0: SINGLE (Groundball, 56, EV 106.9 MPH) (infield hit) Colin Worthington scores Danny Miramontes to third Tom Best to second
|
|
Batting: LHB Seth Cook
|
0-0: Ball 1-0: Ball 2-0: Called Strike 2-1: Swinging Strike 2-2: Foul Ball, location: 2F 2-2: SINGLE (Groundball, 4MD, EV 105.6 MPH) Danny Miramontes scores Tom Best to third Butch Kaiser to second Runner from 3rd tries for Home, SAFE, throw by CF to home
|
|
Batting: RHB Danny Anderson
|
0-0: Ball Butch Kaiser steals 3rd base 1-0: Ball 2-0: Ball 3-0: Called Strike 3-1: Foul Ball, location: 2F 3-2: Grounds into double play, 6-4-3 (Groundball, 6D, EV 103.1 MPH)
|
| Bottom of the 5th over - 3 runs, 4 hits, 0 errors, 1 left on base; Los Angeles 2 - Atlanta 4 |
| TOP OF THE 6TH |
|
Los Angeles Dodgers batting - Pitching for Atlanta Braves : RHP Edwin Rivera
|
|
Batting: LHB Ryan Taylor
|
0-0: Called Strike 0-1: Ball 1-1: Called Strike 1-2: Foul Ball, location: 2F 1-2: Ball 2-2: Ball 3-2: Foul Ball, location: 2F 3-2: Strikes out swinging
|
|
Batting: SHB Carlos Rodriguez
|
0-0: Ground out 6-3 (Groundball, 6, EV 86.9 MPH)
|
|
Batting: RHB Ben Mischnick
|
0-0: Ball 1-0: Swinging Strike 1-1: Foul Ball, location: 2F 1-2: Foul Ball, location: 2F 1-2: Ball 2-2: Foul Ball, location: 2F 2-2: Strikes out swinging
|
| Top of the 6th over - 0 runs, 0 hits, 0 errors, 0 left on base; Los Angeles 2 - Atlanta 4 |
| BOTTOM OF THE 6TH |
|
Atlanta Braves batting - Pitching for Los Angeles Dodgers : RHP Adrian Serratos
|
|
Batting: RHB Liangde Li
|
0-0: Ball 1-0: Ball 2-0: Foul Ball, location: 2F 2-1: Ground out 2-3 (Groundball, 2L, EV 75.0 MPH)
|
|
Batting: RHB Itsuo Egami
|
0-0: Called Strike 0-1: Swinging Strike 0-2: Ball 1-2: TRIPLE (Line Drive, 89XD, EV 103.1 MPH)
|
|
Pitching: RHP Miguel Arguello
|
|
|
Batting: RHB John Creel
|
0-0: Swinging Strike 0-1: Ball 1-1: Foul Ball, location: 2F 1-2: Strikes out swinging
|
|
Batting: LHB Colin Worthington
|
0-0: Foul Ball, location: 2F 0-1: Ball 1-1: DOUBLE (Flyball, 8RXD, EV 93.1 MPH) Itsuo Egami scores
|
|
Batting: RHB Danny Miramontes
|
0-0: Foul Ball, location: 2F 0-1: Foul Ball, location: 2F 0-2: Ball 1-2: Strikes out swinging
|
| Bottom of the 6th over - 1 run, 2 hits, 0 errors, 1 left on base; Los Angeles 2 - Atlanta 5 |
| TOP OF THE 7TH |
|
Los Angeles Dodgers batting - Pitching for Atlanta Braves : RHP Edwin Rivera
|
|
Batting: LHB Dalton Silveira
|
0-0: Called Strike 0-1: Ball 1-1: SOLO HOME RUN (Flyball, 78XD, EV 101.2 MPH), Distance : 413 ft
|
|
Batting: SHB Joel Baker
|
0-0: Ground out 1-3 (Groundball, 15, EV 63.1 MPH)
|
|
Batting: LHB Chris Ringwood
|
0-0: Ball 1-0: Ball 2-0: Called Strike 2-1: Fly out, F9 (Flyball, 9S, EV 77.5 MPH)
|
|
Batting: LHB Bob Branham
|
0-0: Swinging Strike 0-1: Foul Ball, location: 2F 0-2: Ball 1-2: Ball 2-2: Foul Ball, location: 2F 2-2: Foul Ball, location: 2F 2-2: Ground out 5-3 (Groundball, 5L, EV 78.8 MPH)
|
| Top of the 7th over - 1 run, 1 hit, 0 errors, 0 left on base; Los Angeles 3 - Atlanta 5 |
| BOTTOM OF THE 7TH |
|
Atlanta Braves batting - Pitching for Los Angeles Dodgers : RHP Miguel Arguello
|
|
Batting: LHB Tom Best
|
0-0: Ball 1-0: Ball 2-0: Ball 3-0: Base on Balls
|
|
Batting: RHB Butch Kaiser
|
0-0: Foul Ball, location: 2F 0-1: Ball Tom Best steals 2nd base 1-1: Ball 2-1: DOUBLE (Line Drive, 5D, EV 96.9 MPH) Tom Best scores
|
|
Batting: LHB Seth Cook
|
0-0: Intentional Walk
|
|
Batting: RHB Danny Anderson
|
0-0: SINGLE (Line Drive, 78S, EV 106.9 MPH) Butch Kaiser to third Seth Cook to second
|
|
Batting: RHB Liangde Li
|
0-0: Called Strike 0-1: Ball 1-1: Ball 2-1: Ball 3-1: Base on Balls Butch Kaiser scores Seth Cook to third Danny Anderson to second
|
|
Batting: RHB Itsuo Egami
|
0-0: Swinging Strike 0-1: Ball 1-1: Grounds into fielders choice 1-2 (Groundball, 34S, EV 68.8 MPH) Danny Anderson to third Liangde Li to second
|
|
Batting: RHB John Creel
|
0-0: Grounds into double play, 5-4-3 (Groundball, 5, EV 90.6 MPH)
|
| Bottom of the 7th over - 2 runs, 2 hits, 0 errors, 2 left on base; Los Angeles 3 - Atlanta 7 |
| TOP OF THE 8TH |
|
Los Angeles Dodgers batting - Pitching for Atlanta Braves : RHP Edwin Rivera
|
|
Pitching: RHP Charles Hewson
|
|
|
Batting: LHB Lirak Bazhunaishvili
|
0-0: Ball 1-0: Called Strike 1-1: Foul Ball, location: 2F 1-2: Ball 2-2: Ball 3-2: Foul Ball, location: 2F 3-2: SINGLE (Line Drive, 56D, EV 102.5 MPH)
|
|
Batting: RHB Clay Buchanan
|
0-0: Swinging Strike 0-1: Swinging Strike 0-2: Strikes out swinging
|
|
Batting: LHB Ryan Taylor
|
0-0: Ball 1-0: SINGLE (Groundball, 56D, EV 94.4 MPH) Lirak Bazhunaishvili to second
|
|
Batting: SHB Carlos Rodriguez
|
0-0: Called Strike 0-1: Foul Ball, location: 2F 0-2: Strikes out looking
|
|
Batting: RHB Ben Mischnick
|
0-0: Ball 1-0: Foul Ball, location: 2F 1-1: Swinging Strike 1-2: Ball 2-2: Ball 3-2: Foul Ball, location: 2F 3-2: Foul Ball, location: 2F 3-2: Strikes out swinging
|
| Top of the 8th over - 0 runs, 2 hits, 0 errors, 2 left on base; Los Angeles 3 - Atlanta 7 |
| BOTTOM OF THE 8TH |
|
Atlanta Braves batting - Pitching for Los Angeles Dodgers : RHP Miguel Arguello
|
|
Pitching: RHP Taylor Drews
|
|
|
Batting: LHB Colin Worthington
|
0-0: SINGLE (Line Drive, 8LS, EV 105.0 MPH)
|
|
Batting: RHB Danny Miramontes
|
0-0: Ball 1-0: 2-RUN HOME RUN (Line Drive, 7D, EV 109.4 MPH), Distance : 414 ft
|
|
Batting: LHB Tom Best
|
0-0: Ball 1-0: Ball 2-0: Swinging Strike 2-1: Called Strike 2-2: Foul Ball, location: 2F 2-2: Ball 3-2: Strikes out swinging
|
|
Batting: RHB Butch Kaiser
|
0-0: Called Strike 0-1: Ball 1-1: Ball 2-1: Foul Ball, location: 2F 2-2: Ball 3-2: Base on Balls
|
|
Batting: LHB Seth Cook
|
0-0: Ball 1-0: Swinging Strike 1-1: Ball 2-1: Ball 3-1: Base on Balls Butch Kaiser to second
|
|
Batting: RHB Danny Anderson
|
0-0: Called Strike 0-1: Ball Butch Kaiser steals 3rd base Seth Cook to second 1-1: Called Strike 1-2: Ball 2-2: 3-RUN HOME RUN (Line Drive, 7LD, EV 100.0 MPH), Distance : 367 ft
|
|
Pitching: LHP Lance Crumpton
|
|
|
Batting: RHB Liangde Li
|
0-0: Foul Ball, location: 2F 0-1: Called Strike 0-2: Ground out 5-3 (Groundball, 25, EV 81.9 MPH)
|
|
Pinch Hitting: SHB Ken Welch
|
0-0: Ball 1-0: Ball 2-0: Ball 3-0: Fly out, F8 (Flyball, 89S, EV 88.8 MPH)
|
| Bottom of the 8th over - 5 runs, 3 hits, 0 errors, 0 left on base; Los Angeles 3 - Atlanta 12 |
| TOP OF THE 9TH |
|
Los Angeles Dodgers batting - Pitching for Atlanta Braves : RHP Charles Hewson
|
|
Now at SS: Kanehisa Kubo
|
|
|
Pinch Hitting: RHB Isaiah Yarbrough
|
0-0: Ground out 6-3 (Groundball, 6, EV 91.2 MPH)
|
|
Batting: SHB Joel Baker
|
0-0: Swinging Strike 0-1: Called Strike 0-2: Foul Ball, location: 2F 0-2: Strikes out looking
|
|
Batting: LHB Chris Ringwood
|
0-0: Ball 1-0: Foul Ball, location: 2F 1-1: Swinging Strike 1-2: Strikes out swinging, 2-3 out at first.
|
| Top of the 9th over - 0 runs, 0 hits, 0 errors, 0 left on base; Los Angeles 3 - Atlanta 12 |
|